 Dungeon Crawl Stone Soup version 0.32-a0-314-g526f7d4993 (webtiles) character file.

Game seed: 15873672167820471454

2648 timneilson the Ruffian (level 9, -2/62 HPs)
             Began as an Octopode Shapeshifter on Feb 15, 2024.
             Was an Initiate of Gozag.
             Slain by a manticore (11 damage)
             ... on level 7 of the Dungeon.
             The game lasted 00:14:00 (6464 turns).

timneilson the Ruffian (Octopode Shapeshifter)      Turns: 6464, Time: 00:14:02

Health: -2/62      AC:  1    Str: 24    XL:     9   Next: 62%
Magic:  0/9        EV: 14    Int: 12    God:    Gozag
Gold:   362        SH:  4    Dex: 11    Spells: 8/8 levels left

rFire   . .          .
                       - Unarmed
rCold   . . .        n - +0 buckler
rNeg    . . .        (helmet currently unavailable)
rPois   .            p - amulet of guardian spirit
rElec   .            m - +6 ring of strength
rCorr   .            (no ring)
SInv    .            (no ring)
Will    .....        (no ring)
Stlth   ++++         (no ring)
HPRegen 0.30/turn    (no ring)
MPRegen 0.11/turn    (no ring)
                     (no ring)

%: guardian spirit
@: mighty, beast-form, gold aura
A: beast (slay +3), almost no armour, amphibious, 8 rings, camouflage 1,
gelatinous body 1, (nimble swimmer 1), tentacles
a: Begin Untransformation, Renounce Religion, Potion Petition, Call Merchant,
Bribe Branch


You were on level 7 of the Dungeon.
You worshipped Gozag.
Gozag was aware of your devotion.
You were a hulking beast.
You visited 2 branches of the dungeon, and saw 8 of its levels.

You collected 468 gold pieces.
You paid 106 gold pieces to Gozag.

Inventory:

Missiles
 e - 6 poisoned darts (quivered)
Armour
 n - a +0 buckler (worn)
Jewellery
 d - a ring of ice
 m - a +6 ring of strength (left tentacle)
 p - an amulet of guardian spirit (around mantle)
Talismans
 b - a beast talisman (active)
 c - a flux talisman
Wands
 k - a wand of roots (9)
 t - a wand of polymorph (10)
Scrolls
 j - 2 scrolls of poison
 o - a scroll of enchant weapon
 s - a scroll of vulnerability
 v - a scroll of blinking
Potions
 a - a potion of lignification
 f - a potion of invisibility
 g - 4 potions of attraction
 h - 2 potions of curing
 i - 2 potions of might
 l - 2 potions of heal wounds
 q - a potion of enlightenment
 r - 2 potions of haste
 u - a potion of magic {unknown}
 w - a potion of mutation {unknown}
 x - a potion of cancellation {unknown}


   Skills:
 * Level 5.8 Fighting
 * Level 6.0 Dodging
 + Level 5.7 Stealth
 + Level 3.1 Shields
 * Level 6.4 Unarmed Combat
 + Level 1.4 Evocations
 * Level 6.0 Shapeshifting


You had 8 spell levels left.
You didn't know any spells.
Your spell library contained the following spells:

 Spells                   Type           Power      Damage    Failure   Level
 Mercury Vapours          Alch/Air       0%         N/A       52%         2
 Mephitic Cloud           Conj/Alch/Air  0%         N/A       75%         3
 Olgreb's Toxic Radiance  Alch           0%         N/A       98%         4
 Freezing Cloud           Conj/Ice/Air   0%         6-21      100%        5
 Ozocubu's Refrigeration  Ice            0%         4d7       100%        7
 Discord                  Hex            0%         N/A       100%        8


Dungeon Overview and Level Annotations

Branches:
Dungeon (7/15)             Temple (1/1) D:7

Altars:
Ashenzari
Cheibriados
Dithmenos
Fedhas
Gozag
Hepliaklqana
Makhleb
Nemelex Xobeh
Okawaru
Qazlal
Ru
Sif Muna
Uskayaw
Wu Jian
Yredelemnul
Zin
The Shining One

Shops:
D:4 :   D:6 [


Innate Abilities, Weirdness & Mutations

You are a hulking beast.
Your limbs bulge with bestial killing power. (Slay +3)
You cannot wear most types of armour.
You are amphibious.
You can wear up to eight rings at the same time.
Your skin changes colour to match your surroundings (Stealth+).
Your rubbery body absorbs attacks. (AC +1, EV +1)
((You are camouflaged when in or above water. (Stealth+)))
You have tentacles for arms and can constrict up to eight enemies at once.


Message History

You tentacle-slap the orc warrior.
The orc warrior is moderately wounded.
You constrict the orc warrior.
The orc warrior hits you with a +0 dire flail!
You tentacle-slap the orc warrior but do no damage.
You squeeze the orc warrior, but do no damage.
The orc warrior is moderately wounded.
You constrict the orc warrior, but do no damage.
The orc warrior hits you with a +0 dire flail!!
* * * LOW HITPOINT WARNING * * *
Unknown command.
You feel much better.
You constrict the orc warrior, but do no damage.
You block the orc warrior's attack.
You bludgeon the orc warrior!
The orc warrior is severely wounded.
You constrict the orc warrior, but do no damage.
The orc warrior barely misses you.
You bludgeon the orc warrior!
You kill the orc warrior!
Your Shapeshifting skill increases to level 6!
You tentacle-slap the manticore.
The manticore is lightly wounded.
You carefully extract the barbed spikes from your body.
You block the manticore's attack. The manticore claws you! x2
* * * LOW HITPOINT WARNING * * *
You feel much better. The manticore barely misses you. The manticore claws you!
You block the manticore's attack.
You feel very mighty all of a sudden. The manticore bites you!
* * * LOW HITPOINT WARNING * * *
The manticore misses you. The manticore claws you.
* * * LOW HITPOINT WARNING * * *
You bludgeon the manticore!
The manticore is moderately wounded.
The manticore closely misses you. The manticore claws you.
* * * LOW HITPOINT WARNING * * *
The manticore claws you!
You die...
Your body crumbles into a pile of gold.

####.###.# ######..#######...<#.
..))...#.##...............#.#.##.
###)........####.....####.#......
###.........#).##...## #.###...>
.......##...#..{##.## #....####
..#.##.##...##Yoo#.# ##........
..#.##.......##H'#.#+ ##..##.####
....##.#......###H..###...##.# #
..#.##.#........h.ß........#.# #
..#.......#...###...###......# ##
.......#.##..## +#.#+ ##.....# #.
########..#.## #.# ##.#### #.
..######.#.# ##.## #.# #.
#.>......#.# ##...## #.# #.
#..####..#.####.....####.######.
#..#<....#...................##.
#.......###.#.###.####.#####.##≈


You could see a manticore.

Vanquished Creatures
  Grinder (D:5)
  2 wyverns (D:7)
  Eustachio (D:4)
  A steam dragon (D:7)
  2 ice beasts
  An orc warrior (D:7)
  An ogre (D:4)
  A bullfrog (D:7)
  A scorpion (D:6)
  4 wights (D:5)
  6 killer bees (D:7)
  4 bombardier beetles
  3 jellies
  2 orc priests
  4 hounds
  Jessica (D:2)
  An iguana (D:6)
  Terence (D:2)
  A sleepcap (D:4)
  Natasha (D:4)
  4 orc wizards
  11 adders
  A white imp (D:7)
  5 ribbon worms
  16 orcs
  9 endoplasms
  8 goblins
  4 hobgoblins
  3 jackals (D:1)
  A kobold (D:2)
  6 quokkas
  2 ball pythons
  5 bats
  4 frilled lizards
  6 rats
124 creatures vanquished.

Notes
Turn   | Place    | Note
-------+----------+-------------------------------------------
     0 | D:1      | timneilson the Octopode Shapeshifter began the quest for
                  | the Orb.
     0 | D:1      | Reached XP level 1. HP: 13/13 MP: 1/1
    82 | D:1      | Reached XP level 2. HP: 18/18 MP: 2/2
   252 | D:1      | Reached skill level 1 in Stealth
   268 | D:1      | Reached XP level 3. HP: 23/23 MP: 3/3
   831 | D:2      | Found a shadowy altar of Dithmenos.
   858 | D:2      | Reached XP level 4. HP: 25/29 MP: 4/4
   912 | D:2      | Noticed Terence
   923 | D:2      | Killed Terence
  1204 | D:2      | Noticed Jessica
  1216 | D:2      | Killed Jessica
  1217 | D:2      | Reached XP level 5. HP: 30/35 MP: 5/5
  2851 | D:4      | Reached XP level 6. HP: 34/41 MP: 6/6
  2982 | D:4      | Found a shadowy altar of Dithmenos.
  3217 | D:4      | Noticed Natasha
  3222 | D:4      | Killed Natasha
  3439 | D:4      | Found Qydap's Book Boutique.
  3470 | D:4      | Reached XP level 7. HP: 46/46 MP: 7/7
  3493 | D:4      | Noticed Eustachio
  3510 | D:4      | Killed Eustachio
  3782 | D:5      | Entered Level 5 of the Dungeon
  3822 | D:5      | Reached skill level 1 in Shields
  4063 | D:5      | Reached skill level 5 in Unarmed Combat
  4063 | D:5      | Reached XP level 8. HP: 33/54 MP: 5/8
  4221 | D:5      | Noticed Grinder
  4235 | D:5      | Killed Grinder
  4349 | D:5      | Reached skill level 5 in Shapeshifting
  4860 | D:6      | Found Joibucaq's Antique Armour Shoppe.
  4901 | D:6      | Reached skill level 5 in Dodging
  5341 | D:6      | Reached skill level 5 in Fighting
  5612 | D:7      | Found a staircase to the Ecumenical Temple.
  5621 | Temple   | Entered the Ecumenical Temple
  5627 | Temple   | Became a worshipper of Gozag Ym Sagoz the Greedy
  5642 | D:7      | Reached XP level 9. HP: 61/61 MP: 9/9
  5689 | D:7      | Reached skill level 5 in Stealth
  5823 | D:7      | Found a burning altar of Makhleb.
  6195 | D:7      | Reached skill level 1 in Evocations
  6446 | D:7      | Noticed a manticore
  6464 | D:7      | Slain by a manticore

Illustrated notes

Levels and vault maps discovered:
D:1:      amcnicky_arrival_abandoned_market, layout_loops_ring,
          minmay_misc_feat_four_crosses
D:2:      layout_basic, basic_altar, uniq_jessica, uniq_terence
D:3:      cheibrodos_old_hovel, layout_basic
D:4:      layout_loops_corners, nicolae_dithmenos_shadow_blocks, serial_shops,
          shop_fountains, uniq_natasha, uniq_eustachio
D:5:      nicolae_BIG_FREAKIN_CUBE, layout_basic, dk_vineyard_3, uniq_grinder
D:6:      layout_loops_cross, serial_shops, nicolae_shop_waterfront,
          hangedman_abyss_or_decor_stagger
D:7:      cheibrodos_barr_body, layout_loops_cross, lightli_temple_of_fire,
          temple_pool_b
Temple:   hellmonk_temple_two_chambers

Skill      XL: |  1  2  3  4  5  6  7  8  9 |
---------------+----------------------------+-----
Stealth        | 1 2 3 4 5 |  5.7
Fighting       | 2 3 4 5 |  5.8
Dodging        | 3 4 5 6 |  6.0
Unarmed Combat | 4 5 6 |  6.4
Shapeshifting  | 4 5 6 |  6.0
Shields        | 1 2 3 |  3.1
Evocations     | 1 |  1.4

Action                     |  1- 3 |  4- 6 |  7- 9 || total
---------------------------+-------+-------+-------++-------
  Melee: Unarmed           |    42 |    81 |   150 ||   273
         Tentacles         |     7 |    14 |    42 ||    63
         Constrict         |     7 |    17 |    38 ||    62
         Punch             |       |     5 |     6 ||    11
  Throw: Dart              |       |     4 |    14 ||    18
    Use: Scroll            |     1 |     7 |     6 ||    14
         Potion            |       |       |     4 ||     4
   Stab: Sleeping          |     7 |    14 |    12 ||    33
         Distracted        |       |       |     1 ||     1
 Armour: Skin              |     9 |    22 |    67 ||    98
  Dodge: Dodged            |    14 |    45 |    68 ||   127
  Block: Buckler           |       |     1 |    29 ||    30

Table legend: (Time is in decaauts)
 A = Elapsed time spent in this place.
 B = Non-inter-level travel time spent in this place.
 C = Inter-level travel time spent in this place.
 D = Time resting spent in this place.
 E = Time spent auto-exploring this place.
 F = Levels seen in this place.
 G = Mean time per level.
                   A        B        C        D        E       F      G
               +--------+--------+--------+--------+--------+-----+--------+
         Total |   6444 |   6223 |    221 |    453 |   4513 |   8 |  805.5 |
       Dungeon |   6432 |   6216 |    216 |    453 |   4513 |   7 |  918.9 |
        Temple |     12 |      7 |      5 |      0 |      0 |   1 |   12.0 |
               +--------+--------+--------+--------+--------+-----+--------+

Top non-repeatable levels by time:
     D:2: 1282 daAuts
     D:4: 1077 daAuts
     D:5: 1067 daAuts
     D:7: 907 daAuts
     D:3: 815 daAuts
     D:6: 683 daAuts
     D:1: 597 daAuts
  Temple: 12 daAuts
